 Dungeon Crawl Stone Soup version 0.32-a0-132-g2d33c3cfaf (webtiles) character file.

Game seed: 4608253123272517119

24 wildpjah the Grasshopper (level 3, 0/36 HPs)
             Began as an Oni Warper on Feb 9, 2024.
             Slain by a gnoll
             ... wielding a +1 spear of venom
              (6 damage)
             ... on level 2 of the Dungeon.
             The game lasted 00:03:11 (1300 turns).

wildpjah the Grasshopper (Oni Warper)               Turns: 1300, Time: 00:03:11

Health: 0/36       AC:  3    Str: 17    XL:     3   Next: 2%
Magic:  6/6        EV: 10    Int: 14    God:
Gold:   143        SH:  0    Dex:  8    Spells: 7/7 levels left

rFire   . . .        a - +0 mace
rCold   . . .        (no shield)
rNeg    . . .        b - +0 robe
rPois   .            (helmet restricted)
rElec   .            (no cloak)
rCorr   +            (gloves unavailable)
SInv    .            (boots unavailable)
Will    .....        (no amulet)
Stlth   +            o - ring of resist corrosion
HPRegen 0.26/turn    (no ring)
MPRegen 0.10/turn

%: no passive effects
@: lethally poisoned (0 -> -10)
A: large, unfitting armour, horns 1, tough skin 1, double potion healing,
drunken brawling
a: no special abilities


You were on level 2 of the Dungeon.
You visited 1 branch of the dungeon, and saw 2 of its levels.

You collected 243 gold pieces.
You spent 100 gold pieces at shops.

Inventory:

Hand Weapons
 a - a +0 mace (weapon)
Missiles
 d - 7 darts of dispersal (quivered)
Armour
 b - a +0 robe (worn)
Jewellery
 o - a ring of resist corrosion (left hand)
Scrolls
 c - 2 scrolls of blinking
 e - a scroll of amnesia {unknown}
 h - 2 scrolls of teleportation {unknown}
 i - a scroll of enchant weapon {unknown}
 l - a scroll of fog {unknown}
 n - a scroll of torment {unknown}
Potions
 f - a potion of enlightenment {unknown}
 g - 2 potions of might {unknown}
 j - 2 potions of degeneration {unknown}
 k - a potion of heal wounds {unknown}
 m - a potion of ambrosia {unknown}


   Skills:
 + Level 2.9 Fighting
 * Level 2.2 Maces & Flails
 + Level 1.0 Throwing
 + Level 2.7 Dodging
 + Level 2.5 Spellcasting
 + Level 3.0 Translocations


You had 7 spell levels left.
You didn't know any spells.
Your spell library contained the following spells:

 Spells                   Type           Power      Damage    Failure   Level
 Blink                    Tloc           20%        N/A       10%         2
 Lesser Beckoning         Tloc           20%        N/A       10%         2
 Teleport Other           Tloc           10%        N/A       19%         3
 Manifold Assault         Tloc           10%        N/A       54%         4
 Vhi's Electric Charge    Tloc/Air       12%        N/A       77%         4


Dungeon Overview and Level Annotations

Branches:
Dungeon (2/15)

Altars:

Shops:
D:2 *


Innate Abilities, Weirdness & Mutations

You are too large for most types of armour.
You have a pair of small horns on your head.
You have tough skin. (AC +1)
You gain doubled healing and magic from potions.
Whenever you drink a healing potion, you attack all around you.


Message History

Things that are here:
a +0 dagger; a hobgoblin corpse
Found a stone staircase leading down.
A goblin and a hobgoblin come into view.
The hobgoblin shouts!
You hear a shout! x3
A goblin comes into view. It is wielding a +0 dagger. x2
The goblin shouts! 3 goblins come into view.
A goblin is wielding a +0 dagger of speed.
The goblin shouts!
A hobgoblin comes into view.
You open the door. 3 gnolls come into view.
A gnoll is wielding a +0 flail of holy wrath.
A gnoll is wielding a +1 spear of venom.
The gnoll shouts! x3
A goblin comes into view. It is wielding a +0 dagger.
A goblin comes into view. It is wielding a +0 club.
The gnoll attacks as it pursues you!
The gnoll hits you from afar with a +1 spear of venom.
You are poisoned.
You feel very sick. The gnoll attacks as it pursues you!
The gnoll completely misses you.
You feel sick. The gnoll attacks as it pursues you!
The gnoll barely misses you.
You feel sick.
You feel sick. The gnoll attacks as it pursues you!
The gnoll closely misses you.
You feel sick.
You feel sick. The gnoll attacks as it pursues you!
The gnoll hits you from afar with a +1 spear of venom.
You feel sick. The gnoll attacks as it pursues you!
The gnoll hits you from afar with a +1 spear of venom.
You are lethally poisoned!
* * * LOW HITPOINT WARNING * * *
You feel very sick.
* * * LOW HITPOINT WARNING * * *
You feel very sick. The gnoll attacks as it pursues you!
The gnoll hits you from afar with a +1 spear of venom.
You die...

#.##.# #.........#.. # #
#.##.####.#######.#.####.##
#.#.......# ####.#......##
#.############....#..###...
#....##........###.......#.
####.##........#<.รท#.#####.
###....#.........#.#.#.)...#.
..............................
####.####..[.@.......####.#.#<
#................##.##...#.##
#.#...#...g......##.##.#....#
#.#....................#....<
####+#)####..........#.##.+....#
#......#..g.########.#....#....#
#.....##g#### ###.###########
##...g....# #...# #.....
...g..g#### ####.### #.....


You could see 2 gnolls and a goblin.

Vanquished Creatures
  A ribbon worm (D:2)
  A ball python (D:2)
  2 endoplasms (D:2)
  A giant cockroach (D:2)
  4 goblins
  2 hobgoblins
  2 kobolds
  A quokka (D:2)
  4 bats
  A rat (D:2)
19 creatures vanquished.

Notes
Turn   | Place    | Note
-------+----------+-------------------------------------------
     0 | D:1      | wildpjah the Oni Warper began the quest for the Orb.
     0 | D:1      | Reached XP level 1. HP: 22/22 MP: 3/3
   610 | D:1      | Found a faded altar of an unknown god.
   610 | D:1      | Noticed a balrug
   704 | D:1      | Reached skill level 3 in Translocations
   704 | D:1      | Reached XP level 2. HP: 25/29 MP: 5/5
  1174 | D:2      | Found Gafatt's Assorted Antiques.
  1193 | D:2      | Bought an encrusted agate ring for 100 gold pieces
  1253 | D:2      | Reached XP level 3. HP: 36/36 MP: 6/6
  1300 | D:2      | Slain by a gnoll

Illustrated notes

Levels and vault maps discovered:
D:1:      minmay_arrival_up_and_down, layout_loops_ring,
          dreamdust_ecumenical_altar_sealed_demon
D:2:      layout_basic, serial_shops, shop, minmay_gold_behind_fungi,
          minmay_hexomino_r4, uniq_robin, uniq_crazy_yiuf_cottage

Skill      XL: |  1 |
---------------+----+-----
Translocations | 3 |  3.0
Fighting       | |  2.9
Maces & Flails | |  2.2
Throwing       | |  1.0
Dodging        | |  2.7
Spellcasting   | |  2.5

Action                     || total
---------------------------++-------
  Melee: Mace              ||    66
         Headbutt          ||    11
         Punch             ||     2
 Armour: Robe              ||    45
  Dodge: Dodged            ||    35

Table legend: (Time is in decaauts)
 A = Elapsed time spent in this place.
 B = Non-inter-level travel time spent in this place.
 C = Inter-level travel time spent in this place.
 D = Time resting spent in this place.
 E = Time spent auto-exploring this place.
 F = Levels seen in this place.
 G = Mean time per level.
                   A        B        C        D        E       F      G
               +--------+--------+--------+--------+--------+-----+--------+
         Total |   1320 |   1315 |      5 |      0 |   1052 |   2 |  660.0 |
       Dungeon |   1320 |   1315 |      5 |      0 |   1052 |   2 |  660.0 |
               +--------+--------+--------+--------+--------+-----+--------+

Top non-repeatable levels by time:
     D:1: 668 daAuts
     D:2: 652 daAuts
